 Dungeon Crawl Stone Soup version 0.29.1-2-gbd0b4ee654 (webtiles) character file.

Game seed: 620126046850305962

30 stoarme the Ruffian (level 3, 0/29 HPs)
             Began as a Draconian Transmuter on Nov 7, 2022.
             Succumbed to an adder's poison
             ... on level 2 of the Dungeon.
             The game lasted 00:05:16 (1438 turns).

stoarme the Ruffian (Draconian Transmuter)          Turns: 1438, Time: 00:05:17

Health: 0/29       AC:  5    Str: 12    XL:     3   Next: 3%
Magic:  5/6        EV: 12    Int: 15    God:
Gold:   43         SH:  0    Dex: 11    Spells: 5/6 levels left

rFire   . . .      SeeInvis .   d - staff of air
rCold   . . .      Faith    .   (no shield)
rNeg    . . .      Spirit   .   (body armour unavailable)
rPois   .          Reflect  .   (helmet currently unavailable)
rElec   +          Harm     .   (no cloak)
rCorr   .          Rampage  .   (no gloves)
Will    .....                   (boots currently unavailable)
Stlth   +.........              (no amulet)
HPRegen 0.09/turn               (no ring)
MPRegen 0.10/turn               (no ring)

@: lethally poisoned (0 -> -5), appendages (expiring)
A: horns 2, talons 2, AC +5, unfitting armour, cold-blooded
a: End Transformation


You were on level 2 of the Dungeon.
You had temporarily grown beastly horns and talons.
You visited 1 branch of the dungeon, and saw 2 of its levels.

You collected 43 gold pieces.

Inventory:

Magical Staves
 d - a staff of air (weapon)
Scrolls
 b - 2 scrolls of fog {unknown}
 c - a scroll of blinking {unknown}
Potions
 a - a potion of lignification
 e - a potion of brilliance {unknown}


   Skills:
 + Level 1.7 Fighting
 + Level 2.1 Dodging
 + Level 3.2 Unarmed Combat
 + Level 2.3 Spellcasting
 + Level 2.3 Transmutations


You had 5 spell levels left.
You knew the following spells:

 Your Spells              Type           Power      Damage    Failure   Level
a - Beastly Appendage     Tmut           16%        N/A       9%          1

Your spell library contained the following spells:

 Spells                   Type           Power      Damage    Failure   Level
 Wereblood                Tmut           8%         N/A       12%         2
 Apportation              Tloc           2%         N/A       22%         1
 Necrotise                Necr           4%         1d4       22%         1
 Summon Small Mammal      Summ           4%         N/A       22%         1
 Spider Form              Tmut/Pois      5%         N/A       36%         3
 Ice Form                 Ice/Tmut       5%         N/A       78%         4


Dungeon Overview and Level Annotations

Branches:
Dungeon (2/15)

Altars:


Innate Abilities, Weirdness & Mutations

You have temporarily grown beastly horns and talons.
Your plain brown scales are hard. (AC +5)
You cannot fit into any form of body armour.
You are cold-blooded and may be slowed by cold attacks.


Message History

The adder bites you.
You closely miss the hobgoblin.
You claw the hobgoblin, but do no damage.
The hobgoblin is severely wounded.
You feel sick. The adder barely misses you.
The hobgoblin completely misses you.
You hit the hobgoblin.
You kill the hobgoblin!
You feel sick. The adder bites you.
You are more poisoned.
The adder poisons you! The adder bites you.
You have reached level 3!
Your experience leads to an increase in your attributes!
Increase (S)trength, (I)ntelligence, or (D)exterity?
You feel clever. x2; Your scales feel tougher.
You closely miss the adder. Your kick misses the adder.
You feel sick. The adder bites you but does no damage.
You hit the hobgoblin. Your headbutt misses the hobgoblin.
The hobgoblin is heavily wounded.
Your transformation is almost over.
You feel sick. The adder closely misses you. The adder bites you.
You are lethally poisoned!
The adder poisons you! The hobgoblin hits you.
* * * LOW HITPOINT WARNING * * *
You barely miss the hobgoblin. Your kick misses the hobgoblin.
You headbutt the hobgoblin.
You kill the hobgoblin!
* * * LOW HITPOINT WARNING * * *
You feel very sick. The adder bites you.
* * * LOW HITPOINT WARNING * * *
* * * LOW HITPOINT WARNING * * *
You feel sick. The adder closely misses you. The adder barely misses you.
You see here a hobgoblin corpse.
You miss the adder.
* * * LOW HITPOINT WARNING * * *
You feel sick. The adder completely misses you.
You hit the adder. Your kick misses the adder. You headbutt the adder.
You kill the adder!
You die...

#..### #..#.# #
#..#.# #.##..#.. #
........# .###
........# .....
....?..†####....##
#...@).<.......
#######.#.#....
..# # . ...# ....#
.....# .......
....####


There were no monsters in sight!

Vanquished Creatures
  An adder (D:2)
  2 ball pythons (D:1)
  A bat (D:1)
  5 endoplasms (D:1)
  2 goblins (D:1)
  4 hobgoblins
  4 jackals (D:1)
  A quokka (D:1)
  3 frilled lizards (D:1)
  3 rats (D:1)
26 creatures vanquished.

Notes
Turn   | Place    | Note
-------+----------+-------------------------------------------
     0 | D:1      | stoarme the Draconian Transmuter began the quest for the
                  | Orb.
     0 | D:1      | Reached XP level 1. HP: 16/16 MP: 3/3
   142 | D:1      | Reached XP level 2. HP: 23/23 MP: 3/5
  1427 | D:2      | Identified the +4 hand axe "Weyfus" {antimagic, rF++ Dex+4}
  1433 | D:2      | Reached XP level 3. HP: 13/29 MP: 4/6
  1437 | D:2      | HP: 1/29 [poisoned by an adder]
  1438 | D:2      | Succumbed to an adder's poison

Illustrated notes

Levels and vault maps discovered:
D:1:      dpeg_arrival_lava_temple_mockup, layout_loops_ring,
          kennysheep_decorative_pillar, hangedman_decor_push, minmay_liquid_box
D:2:      layout_basic

Skill      XL: |  1  2 |
---------------+-------+-----
Dodging        | 2 |  2.1
Fighting       | |  1.7
Unarmed Combat | |  3.2
Spellcasting   | |  2.3
Transmutations | |  2.3

Action                   || total
-------------------------++-------
Melee: Unarmed           ||    47
       Tailslap          ||    10
       Headbutt          ||     5
       Kick              ||     3
       Staff             ||    35
 Cast: Beastly Appendage ||     4
Armor: Skin              ||    28
Dodge: Dodged            ||    62
